 Dungeon Crawl Stone Soup version 0.23-a0-484-g29ba69c (webtiles) character file.

405 Firecrotchwizard the Chopper (level 6, -1/53 HPs)
             Began as a Hill Orc Gladiator on Dec 1, 2018.
             Was a Believer of Uskayaw.
             Slain by an orc warrior
             ... wielding a +0 scimitar
              (16 damage)
             ... on level 6 of the Dungeon.
             The game lasted 00:06:08 (5032 turns).

Firecrotchwizard the Chopper (Hill Orc Gladiator)   Turns: 5032, Time: 00:06:08

Health: -1/53      AC: 10    Str: 19    XL:     6   Next: 87%
Magic:  6/6        EV:  8    Int:  8    God:    Uskayaw [**....]
Gold:   127        SH:  0    Dex: 12    Spells: 5/5 levels left

rFire    . . .     SeeInvis .   a - +1 war axe
rCold    . . .     Gourm    .   (no shield)
rNeg     . . .     Faith    .   w - +0 chain mail
rPois    .         Spirit   .   c - +0 helmet
rElec    .         Reflect  .   (no cloak)
rCorr    .         Harm     .   (no gloves)
MR       .....                  (no boots)
Stlth    ..........             (no amulet)
HPRegen  0.17/turn              (no ring)
MPRegen  0.10/turn              (no ring)

@: no status effects
A: no striking features
a: Stomp, Line Pass, Renounce Religion


You were on level 6 of the Dungeon.
You worshipped Uskayaw.
Uskayaw was noncommittal.
You were not hungry.

You visited 2 branches of the dungeon, and saw 7 of its levels.

You collected 127 gold pieces.

Inventory:

Hand Weapons
 a - a +1 war axe (weapon)
Missiles
 d - 6 throwing nets {=f, !d}
Armour
 b - a +0 leather armour
 c - a +0 helmet (worn)
 n - a +0 plate armour
   (You found it on level 2 of the Dungeon)
 q - a +0 scale mail
   (You took it off an orc on level 3 of the Dungeon)
 w - a +0 chain mail (worn)
   (You found it on level 2 of the Dungeon)
Wands
 g - a wand of flame (11)
   (You found it on level 2 of the Dungeon)
Scrolls
 i - 4 scrolls of identify
 s - a scroll of fog
 u - a scroll of blinking {!r}
Potions
 e - 2 potions of might
 h - a potion of magic {unknown}
 j - a potion of berserk rage {unknown}
 k - a potion of curing {unknown}
 m - 2 potions of flight {unknown}
 o - a potion of haste {unknown}
 p - a potion of heal wounds {unknown}
 t - a potion of mutation {unknown}
 v - a potion of brilliance {unknown}
Comestibles
 f - 11 rations
 x - 2 chunks of flesh {@w0}


   Skills:
 + Level 4.7 Fighting
 * Level 7.5 Axes
 - Level 1.7 Throwing
 + Level 3.3 Armour
 - Level 2.4 Dodging


You had 5 spell levels left.
You didn't know any spells.
Your spell library contained the following spells:

 Spells                   Type           Power        Failure   Level  Hunger
 Animate Skeleton         Necr           N/A          99%         1    ##.....
 Apportation              Tloc           #.....       99%         1    ##.....
 Confusing Touch          Hex            #.....       99%         1    ##.....
 Summon Small Mammal      Summ           #...         99%         1    ##.....


Dungeon Overview and Level Annotations

Branches:
Dungeon (6/15)             Temple (1/1) D:5

Altars:
Ashenzari
Cheibriados
Dithmenos
Elyvilon
Fedhas
Gozag
Hepliaklqana
Kikubaaqudgha
Nemelex Xobeh
Okawaru
Sif Muna
Trog
Uskayaw
Vehumet
Xom
Yredelemnul
Zin
The Shining One

Annotations:
D:5 1 runed door


Message History

You hit the orc. The orc hits you but does no damage. x2
Your chain mail prevents you from hitting the orc.
The orc barely misses you.
You hit the orc but do no damage. The orc hits you but does no damage.
You closely miss the orc. The orc hits you but does no damage.
You slash the orc!
You kill the orc!
No target in view!
No target in view!
Things that are here:
a +0 short sword; a +0 leather armour; an orc corpse You butcher the orc corpse.
x - 4 chunks of flesh {@w0}
Things that are here:
a +0 short sword; a +0 leather armour; an orc skeleton
As you read the scroll labeled NIENWO LIEC, it crumbles to dust.
You feel aware of your surroundings.
You sensed 3 altars.
It was a scroll of magic mapping.
As you read the scroll labeled YREFIT RO DUEL, it crumbles to dust.
You smell wet wool.
It was a scroll of random uselessness.
You start waiting.
Eating one of 4 chunks of flesh {@w0}.
You eat one of the 4 chunks of flesh {@w0}.
You are feeling hungry.
Eating one of 3 chunks of flesh {@w0}.
You eat one of the 3 chunks of flesh {@w0}.
You hear a distant blaring wail to the west.
Done waiting.
l - a scroll labeled GISTEGH YNACIPH
As you read the scroll labeled GISTEGH YNACIPH, it crumbles to dust.
It is a scroll of enchant weapon.
Your +0 war axe glows red for a moment.
Found a stone staircase leading down.
An orc and an orc priest come into view.
The orc priest shouts, "Surrender to Beogh and we'll let you live!" (press Y on the ability menu to convert to Beogh)
The orc priest shouts!
The orc shouts!
You hear a shout! x2; You hear a bark!
An orc comes into view. It is wielding a +0 falchion.
An orc comes into view. It is wielding a +0 club.
The orc moves out of view.
Found a snail-covered altar of Cheibriados.
A mummy comes into view.
A hound comes into view.
An orc warrior comes into view. It is wielding a +0 scimitar.
The orc priest hits you but does no damage.
You slash the orc priest!
You kill the orc priest!
You closely miss the orc.
The hound barks!
You hear a shout!
An orc comes into view. It is wielding a +0 hand axe.
The orc shouts!
You hit the orc warrior but do no damage.
You closely miss the orc.
An orc comes into view.
The orc closely misses you.
You completely miss the orc warrior.
Your chain mail prevents you from hitting the orc.
The orc shouts!
An orc wizard comes into view. It is wielding a +0 dagger.
The orc warrior hits you with a +0 scimitar.
The orc wizard mumbles some strange words.
The orc wizard seems to speed up.
The orc hits you but does no damage.
You take 6 damage, and have 47/53 hp.
You slash the orc warrior! You miss the hound.
Your chain mail prevents you from hitting the orc.
The hound barely misses you.
The orc warrior drinks a potion.
The orc warrior seems to grow stronger.
The hound closely misses you.
An orc comes into view.
The orc barely misses you.
You can now pass through a line of other dancers.
Your chain mail prevents you from hitting the orc warrior.
The orc shouts!
You slash the orc!
You kill the orc!
Your chain mail prevents you from hitting the hound.
The orc wizard casts a spell.
The orc wizard blinks!
The hound barely misses you.
The orc warrior hits you but does no damage.
You hit the orc warrior. You hit the hound but do no damage.
The hound closely misses you.
The orc warrior hits you with a +0 scimitar!
The hound bites you but does no damage.
You take 8 damage, and have 39/53 hp.
You closely miss the orc warrior. You hit the mummy but do no damage.
You closely miss the hound. The hound bites you but does no damage.
The orc warrior hits you with a +0 scimitar!
The hound bites you but does no damage.
You take 17 damage, and have 22/53 hp.
MASSIVE DAMAGE!!
You closely miss the orc warrior. You hit the mummy but do no damage.
You hit the hound but do no damage. The hound bites you but does no damage.
The mummy hits you.
The orc warrior hits you but does no damage.
You hit the orc warrior. You slash the mummy! You closely miss the hound.
The hound bites you.
The orc wizard gestures wildly while chanting.
The orc wizard blinks!
The hound bites you.
* * * LOW HITPOINT WARNING * * *
The orc warrior hits you with a +0 scimitar!
You die...

*,,,,,,,,* #.....# #
**,,,,,,,,* #.....#
###### # ,+,,,,,,,,*
#.....# #....# #
,*,,,,,,,,* #.....#
#....### ,*,,,,,,,,*
####.....####......#
,*,,,,,,,,*
#>..................
,*,********
#.###########......#
,*,*
##.#########*####...#
,*,******
**#.oh@ooo....,,,......
,*,,,,,,*
#....M###.####**#######
,******** #...oo# *,*
,* *,,**#.....#**,* ,*
*,*,........,,,* ,*
*,*......ยง..,,,* ,*
*,,....._....,,* ,*
*,,........h.,,*** ,*
*,,,,,,,,,,,,,,,,*


You could see an orc warrior, a mummy, a hound and 5 orcs.

Vanquished Creatures
  A phantom (D:4)
  A scorpion (D:4)
  An orc priest (D:6)
  An iguana (D:4)
  A worker ant (D:5)
  A worker ant zombie (D:4)
  8 adders
  A shadow imp (D:5)
  An ooze (D:1)
  2 adder skeletons
  4 worms
  3 dart slugs
  2 leopard geckos
  6 orcs
  4 bats
  6 giant cockroaches
  7 goblins
  9 hobgoblins
  7 kobolds
  A quokka (D:5)
  4 frilled lizards
  A leopard gecko skeleton (D:5)
  A quokka skeleton (D:4)
  8 rats
81 creatures vanquished.

Notes
Turn   | Place    | Note
-------+----------+-------------------------------------------
     0 | D:1      | Firecrotchwizard the Hill Orc Gladiator began the quest for
                  | the Orb.
     0 | D:1      | Reached XP level 1. HP: 18/18 MP: 1/1
    93 | D:1      | Reached XP level 2. HP: 17/25 MP: 2/2
   232 | D:1      | Reached skill level 1 in Armour
   389 | D:1      | Reached XP level 3. HP: 30/30 MP: 3/3
   467 | D:1      | Reached skill level 3 in Fighting
   785 | D:2      | Reached skill level 5 in Axes
  1309 | D:2      | Found a radiant altar of Vehumet.
  1379 | D:2      | Reached XP level 4. HP: 33/38 MP: 4/4
  1795 | D:2      | Found a glowing golden altar of the Shining One.
  2356 | D:3      | Reached skill level 2 in Armour
  2713 | D:3      | Reached XP level 5. HP: 39/45 MP: 5/5
  2814 | D:3      | Found a shadowy altar of Dithmenos.
  2936 | D:3      | Reached skill level 6 in Axes
  3020 | D:4      | Noticed a phantom
  3045 | D:4      | Killed a phantom
  3045 | D:4      | Reached skill level 4 in Fighting
  3045 | D:4      | Reached XP level 6. HP: 51/52 MP: 6/6
  3091 | D:4      | Reached skill level 3 in Armour
  3094 | D:4      | Reached skill level 7 in Axes
  3533 | D:4      | Found a blossoming altar of Fedhas.
  3719 | D:5      | Entered Level 5 of the Dungeon
  3732 | D:5      | Found a staircase to the Ecumenical Temple.
  3754 | Temple   | Entered the Ecumenical Temple
  3934 | Temple   | Became a worshipper of Uskayaw the Reveler
  4223 | D:5      | Reached * piety under Uskayaw
  4531 | D:5      | Found a runed door.
  5020 | D:6      | Found a snail-covered altar of Cheibriados.
  5021 | D:6      | Noticed an orc warrior
  5027 | D:6      | Reached ** piety under Uskayaw
  5032 | D:6      | Slain by an orc warrior

Vault maps used:
D:1:      dpeg_arrival_renting
D:2:      lemuel_round_altar, vehumet_crystals, minmay_tiny_reverse_x
D:3:      first_ration, nicolae_dithmenos_through_a_glass_darkly
D:4:      marbit_many_paths
D:5:      minmay_temple_entry_slanted, hangedman_decor_lopped,
          uniq_crazy_yiuf_cottage
D:6:      nicolae_overflow_crystal_walls, old_standard_altar, slow_altar_1
Temple:   regret_index_temple_generic_petals

Skill      XL: |  1  2  3  4  5  6 |
---------------+-------------------+-----
Armour         | 1 2 3 |  3.3
Fighting       | 3 4 |  4.7
Axes           | 5 6 7 |  7.5
Throwing       | |  1.7
Dodging        | |  2.4

Action                   |  1- 3 |  4- 6 || total
-------------------------+-------+-------++-------
Melee: War axe           |    79 |   167 ||   246
Evoke: Wand              |       |     9 ||     9
  Use: Scroll            |       |     8 ||     8
  Eat: Chunk             |     2 |    11 ||    13
Armor: Leather armour    |    19 |     4 ||    23
       Scale mail        |       |    46 ||    46
       Chain mail        |       |    26 ||    26
Dodge: Dodged            |    46 |    82 ||   128

Table legend:
 A = Non-vault XP
 B = Vault XP
 C = Vault XP percentage of total XP
 D = Non-vault monster count
 E = Vault monster count
 F = Vault count percentage of total count
                 A         B        C        D         E       F
            +---------+---------+-------+---------+---------+-------
      Total |     572 |       7 |   1.2 |      78 |       3 |   3.7
            +---------+---------+-------+---------+---------+-------
        D:1 |      46 |       0 |   0.0 |      22 |       0 |   0.0
        D:2 |      56 |       6 |   9.7 |      19 |       2 |   9.5
        D:3 |      67 |       0 |   0.0 |      14 |       0 |   0.0
        D:4 |     303 |       1 |   0.3 |      14 |       1 |   6.7
        D:5 |      53 |       0 |   0.0 |       6 |       0 |   0.0
        D:6 |      47 |       0 |   0.0 |       3 |       0 |   0.0
            +---------+---------+-------+---------+---------+-------

Vault maps used:
D:1:      dpeg_arrival_renting
D:2:      lemuel_round_altar, vehumet_crystals, minmay_tiny_reverse_x
D:3:      first_ration, nicolae_dithmenos_through_a_glass_darkly
D:4:      marbit_many_paths
D:5:      minmay_temple_entry_slanted, hangedman_decor_lopped,
          uniq_crazy_yiuf_cottage
D:6:      nicolae_overflow_crystal_walls, old_standard_altar, slow_altar_1
Temple:   regret_index_temple_generic_petals

Table legend:
 A = Turns spent in this place as a percentage of turns spent in the entire game.
 B = Non-inter-level travel turns spent in this place as a percentage of non-inter-level travel turns spent in the entire game.
 C = Inter-level travel turns spent in this place as a percentage of turns spent in this place.
 D = Turns resting spent in this place as a percentage of non-inter-level travel turns spent in this place.
 E = Turns spent auto-exploring this place as a percentage of non-inter-level travel turns spent in this place.
 F = Non-inter-level travel turns spent in this place divided by the number of levels of this place that you've seen.
                   A       B       C       D       E      F
               +-------+-------+-------+-------+-------+----------------------
         Total | 100.0 | 100.0 |   6.4 |  26.9 |  61.0 | 672.6
       Dungeon |  95.6 |  96.2 |   5.9 |  28.0 |  60.1 | 754.5
        Temple |   4.4 |   3.8 |  18.5 |   0.0 |  83.4 | 181.0
               +-------+-------+-------+-------+-------+----------------------

Table legend:
 A = Kills in this place as a percentage of kills in entire the game.
 B = Kills by you in this place as a percentage of kills by you in the entire game.
 C = Kills by friends in this place as a percentage of kills by friends in the entire game.
 D = Other kills in this place as a percentage of other kills in the entire game.
 E = Experience gained in this place as a percentage of experience gained in the entire game.
 F = Experience gained in this place divided by the number of levels of this place that you have seen.
                   A       B       C       D       E      F
               +-------+-------+-------+-------+-------+----------------------
         Total | 100.0 | 100.0 |   N/A |   N/A | 100.0 |  82.7
       Dungeon | 100.0 | 100.0 |   N/A |   N/A | 100.0 |  96.5
               +-------+-------+-------+-------+-------+----------------------
